Map: Oxide LE

Players

GunGFuBanDa

  • Race: Protoss Protoss

MarineLorD - Winner!

  • Race: Terran Terran
  • League: Master

Event: DreamHack SC2 Masters 2021 Winter

VOD

Have the link to the VOD?

Description

Time

  • Played on: Oct. 6, 2021, 11:22 a.m.
  • Length: 11:01

All games in this series

Show
View Real Time Build Order
Export as new Build Order

GunGFuBanDa Protoss 

Build Orders: 1 Gate Expand, Colossus Rush 

Get SALT Encoding   

  12  0:00  Probe  
  13  0:12  Probe  
  14  0:18  Pylon  
  14  0:25  Probe (Chrono Boost)  
  15  0:37  Probe (Chrono Boost)  
  15  0:38  Gateway  
  16  0:44  Probe (Chrono Boost)  
  16  0:48  Assimilator  
  17  0:51  Probe  
  18  1:03  Probe  
  19  1:15  Probe  
  20  1:27  Cybernetics Core  
  20  1:34  Nexus  
  20  1:36  Probe  
  21  1:43  Pylon  
  21  1:49  Probe (Chrono Boost)  
  21  1:52  Assimilator  
  22  2:01  Probe (Chrono Boost)  
  23  2:05  Adept  
  25  2:09  Probe (Chrono Boost)  
  25  2:15  Probe (Chrono Boost)  
  27  2:23  Robotics Facility  
  27  2:27  Warp Gate (Chrono Boost), Probe (Chrono Boost)  
  28  2:35  Stalker  
  30  2:37  Probe (Chrono Boost)  
  31  2:46  Probe x2  
  33  2:54  Gateway  
  33  3:02  Probe  
  33  3:05  Gateway  
  34  3:12  Warp Prism (Chrono Boost)  
  36  3:16  Probe  
  36  3:19  Probe  
  38  3:28  Probe  
  38  3:31  Probe  
  38  3:33  Pylon  
  40  3:40  Probe  
  40  3:41  Observer (Chrono Boost)  
  42  3:44  Probe  
  43  3:52  Probe  
  44  3:56  Probe, Pylon  
  45  4:04  Assimilator, Probe  
  45  4:08  Probe  
  47  4:13  Stalker x3  
  47  4:16  Probe  
  54  4:18  Assimilator  
  54  4:19  Pylon  
  54  4:20  Probe  
  54  4:21  Robotics Bay  
  51  4:40  Probe x2  
  51  4:42  Forge  
  53  4:47  Stalker, Twilight Council  
  53  4:48  Stalker x2  
  53  4:52  Probe x2  
  61  4:57  Pylon  
  61  5:06  Colossus (Chrono Boost)  
  67  5:15  Observer  
  67  5:17  Blink (Chrono Boost)  
  67  5:23  Pylon  
  67  5:24  Protoss Ground Weapons Level 1  
  67  5:27  Nexus  
  67  5:41  Observer  
  67  5:44  Probe x2  
  67  5:47  Stalker x2, Sentry  
  67  5:48  Shield Battery  
  75  5:50  Pylon  
  75  5:58  Colossus  
  81  6:05  Probe x2  
  81  6:10  Gateway  
  83  6:12  Extended Thermal Lance  
  83  6:13  Pylon  
  83  6:17  Probe  
  83  6:18  Pylon  
  84  6:21  Shield Battery  
  84  6:25  Probe  
  85  6:26  Stalker x2  
  89  6:33  Stalker  
  89  6:34  Probe  
  89  6:39  Probe  
  93  6:41  Probe  
  93  6:43  Pylon  
  94  6:53  Stalker, Zealot, Observer  
  94  6:55  Probe x2  
  94  6:56  Pylon  
  96  7:01  Observer (Chrono Boost)  
  97  7:13  Protoss Ground Weapons Level 2 (Chrono Boost)  
  97  7:20  Immortal (Chrono Boost)  
  97  7:21  Gateway  
  97  7:22  Stalker x2, Zealot x2  
  107  7:24  Gateway  
  107  7:28  Shield Battery  
  108  7:32  Probe  
  108  7:34  Probe, Pylon  
  108  7:35  Pylon  
  108  7:36  Templar Archives  
  110  7:45  Zealot x3  
  115  7:51  Disruptor (Chrono Boost)  
  102  8:07  Zealot  
  102  8:08  Zealot x3  
  102  8:09  Probe (Chrono Boost)  
  110  8:13  Probe (Chrono Boost)  
  110  8:18  Probe (Chrono Boost)  
  108  8:21  Probe (Chrono Boost), High Templar  
  108  8:22  High Templar  
  108  8:25  Probe (Chrono Boost)  
  108  8:26  Archon  
  113  8:30  Colossus  
  119  8:35  Probe, Charge (Chrono Boost)  
  118  8:47  Zealot x4  
  117  8:51  Shield Battery  
  117  8:52  Pylon  
  117  9:02  Zealot x2  
  115  9:17  Zealot x4  
  115  9:23  Colossus  
  119  9:29  Gateway  
  119  9:30  Gateway  
  123  9:33  Pylon  
  123  9:35  Pylon  
  123  9:38  Pylon  
  117  9:53  High Templar x4  
  117  9:54  Zealot  
  117  9:58  Archon x2  
  107  10:14  Observer  
  107  10:15  Zealot  
  107  10:20  Gateway, Shield Battery  
  108  10:25  Pylon  
  108  10:28  Zealot x3  
  112  10:37  Zealot  
  108  10:52  Zealot x3  
Show
View Real Time Build Order
Export as new Build Order

MarineLorD Terran - Winner!

Build Orders:  

Get SALT Encoding   

  12  0:00  SCV  
  13  0:12  SCV  
  14  0:17  Supply Depot  
  14  0:24  SCV  
  15  0:29  Refinery  
  15  0:38  SCV  
  16  0:44  Barracks  
  16  0:50  SCV  
  17  1:02  SCV  
  18  1:14  SCV  
  19  1:27  SCV  
  19  1:30  Marine  
  21  1:41  Command Center  
  21  1:51  Factory  
  21  1:54  Barracks Reactor  
  21  2:03  Orbital Command  
  21  2:10  Supply Depot  
  21  2:21  Barracks  
  21  2:28  SCV  
  22  2:35  Hellion, Marine x2  
  26  2:40  SCV  
  27  2:51  Barracks  
  27  2:53  SCV  
  27  2:54  Marine x2  
  30  3:01  Orbital Command  
  30  3:05  SCV  
  31  3:12  Barracks Tech Lab  
  29  3:17  SCV  
  29  3:19  Marine x2  
  32  3:27  SCV  
  32  3:29  SCV  
  32  3:30  Marine  
  32  3:31  Stimpack  
  35  3:37  Marine x2  
  35  3:39  SCV  
  35  3:41  SCV  
  39  3:42  Barracks Tech Lab, Refinery  
  39  3:48  Bunker  
  39  3:50  Supply Depot  
  39  3:51  SCV  
  39  3:52  Marine  
  39  3:53  SCV  
  42  3:56  Marine x2  
  42  4:01  Marine  
  45  4:04  SCV  
  45  4:09  Supply Depot  
  46  4:11  SCV  
  46  4:12  Combat Shield  
  46  4:14  Marine  
  46  4:15  Marine  
  46  4:16  SCV  
  50  4:23  SCV  
  51  4:26  Marine  
  51  4:28  SCV  
  51  4:29  Supply Depot  
  53  4:33  Marine x2  
  53  4:36  SCV  
  53  4:40  SCV  
  54  4:46  Engineering Bay  
  54  4:48  SCV, Marine x2  
  54  4:50  Marine  
  54  4:52  SCV  
  59  4:54  Marauder  
  61  5:06  Marauder, Marine  
  62  5:08  Refinery, Marine  
  62  5:09  SCV, Factory Reactor  
  62  5:10  SCV  
  62  5:11  Starport  
  65  5:15  Marauder  
  66  5:22  SCV  
  66  5:24  Marine  
  66  5:25  SCV  
  66  5:26  Marine  
  66  5:28  Supply Depot  
  69  5:29  Supply Depot  
  69  5:30  Terran Infantry Weapons Level 1  
  69  5:31  Refinery  
  69  5:32  Concussive Shells  
  68  5:36  Marauder  
  70  5:46  Supply Depot x2  
  70  5:51  Marauder, SCV, Marine x2  
  70  5:52  Factory Tech Lab  
  70  5:54  Medivac  
  77  5:57  SCV  
  77  5:58  Supply Depot  
  78  6:05  Missile Turret  
  78  6:07  Medivac, SCV  
  78  6:09  Marauder  
  83  6:16  Siege Tank  
  86  6:21  Marine  
  86  6:22  Marauder, Marine  
  86  6:24  SCV  
  91  6:31  Medivac  
  93  6:37  Supply Depot, Medivac  
  93  6:38  Supply Depot  
  95  6:44  Marine  
  95  6:45  Marauder  
  98  6:54  Siege Tank  
  98  6:56  Marine  
  98  6:59  Marauder, Supply Depot x2  
  91  7:17  Command Center  
  91  7:21  SCV  
  92  7:26  Medivac x2  
  92  7:28  Siege Tank  
  104  7:30  Marauder x2, Marine  
  104  7:32  Marine  
  104  7:35  Terran Infantry Armor Level 1  
  105  7:47  Barracks  
  105  7:48  Barracks  
  109  7:51  Marauder x2  
  105  8:02  Marine x2  
  94  8:09  Siege Tank  
  99  8:12  Marauder  
  99  8:13  Marauder  
  99  8:16  SCV x2  
  99  8:17  Medivac, Viking  
  107  8:22  Marine x2  
  109  8:29  Orbital Command  
  109  8:30  SCV  
  109  8:31  Supply Depot, SCV  
  113  8:34  Marauder  
  113  8:39  Marine x2  
  113  8:40  Marauder  
  117  8:43  SCV x2  
  115  8:49  Siege Tank, Marine  
  115  8:50  Marine  
  122  8:55  Marauder  
  122  9:01  Liberator x2  
  128  9:04  Marine x2  
  128  9:09  Marauder, Marine  
  133  9:17  Marine  
  133  9:18  Marauder  
  133  9:20  Orbital Command  
  137  9:28  SCV x2  
  137  9:29  Marine  
  137  9:30  Barracks Tech Lab, Barracks Reactor  
  137  9:31  Marauder  
  141  9:33  Missile Turret  
  141  9:34  Supply Depot  
  141  9:38  Marine  
  141  9:39  Marauder  
  141  9:44  Liberator  
  147  9:48  Liberator  
  150  9:56  Marauder, Marine x3  
  155  10:02  Marine  
  155  10:05  Ghost Academy  
  156  10:14  Marauder, Marine x4  
  162  10:24  Marauder, Marine  
  165  10:36  Supply Depot  
  165  10:37  Supply Depot  

Tags
 
Add a new tag
Caveats
  • Supply blocks, unpowered buildings, or Contaminate may cause inaccurate times.
  • Supply counts are checked every 10 seconds.